 Dungeon Crawl Stone Soup version 0.31.0-32-g396128a36d (webtiles) character file.

Game seed: 11894349710923234506

1 spaghetti the Slasher (level 1, -1/18 HPs)
             Began as a Merfolk Berserker on Mar 20, 2024.
             Was a Follower of Trog.
             Slain by a ball python (2 damage)
             ... on level 1 of the Dungeon.
             The game lasted 00:00:04 (13 turns).

spaghetti the Slasher (Merfolk Berserker)             Turns: 13, Time: 00:00:05

Health: -1/18      AC:  2    Str: 17    XL:     1   Next: 20%
Magic:  1/1        EV:  9    Int:  6    God:    Trog [*.....]
Gold:   0          SH:  0    Dex: 13    Spells: 0/0 levels left

rFire   . . .        a - +0 falchion
rCold   . . .        (no shield)
rNeg    . . .        b - +0 animal skin
rPois   .            (no helmet)
rElec   .            (no cloak)
rCorr   .            (no gloves)
SInv    .            (no boots)
Will    .....        (no amulet)
Stlth   +            (no ring)
HPRegen 0.23/turn    (no ring)
MPRegen 0.07/turn

%: no passive effects
@: constricted
A: (nimble swimmer 2), mertail
a: Renounce Religion, Berserk


You were on level 1 of the Dungeon.
You worshipped Trog.
Trog was aware of your devotion.
You visited 1 branch of the dungeon, and saw 1 of its levels.

Inventory:

Hand Weapons
 a - a +0 falchion (weapon)
Armour
 b - a +0 animal skin (worn)


   Skills:
 - Level 3.2 Fighting
 + Level 3.7 Long Blades
 - Level 1.3 Armour
 - Level 2.6 Dodging


You couldn't memorise any spells.
You didn't know any spells.
Your spell library was empty.

Dungeon Overview and Level Annotations

Branches:
Dungeon (1/15)

Altars:


Innate Abilities, Weirdness & Mutations

((You are very nimble when in or above water. (Stealth+, EV+, Speed+++)))
Your lower body shifts to a powerful aquatic tail in water.


Message History

You are too injured to fight recklessly!
You are too injured to fight recklessly!
You are too injured to fight recklessly!
You are too injured to fight recklessly!
You are too injured to fight recklessly!
You are too injured to fight recklessly!
You are too injured to fight recklessly!
You are too injured to fight recklessly!
You are too injured to fight recklessly!
You completely miss the quokka.
The quokka is heavily wounded.
The ball python barely misses you. The ball python constricts you.
The quokka barely misses you. The frilled lizard barely misses you.
The ball python bites you. The ball python constricts you.
You closely miss the quokka.
The quokka is heavily wounded.
The quokka barely misses you. The frilled lizard bites you.
A kobold comes into view. It is wielding a +0 whip.
The ball python bites you but does no damage.
The ball python constricts you. The quokka bites you.
You closely miss the quokka. You punch the quokka.
You kill the quokka!
Trog accepts your kill.
The frilled lizard bites you but does no damage.
The ball python bites you.
* * * LOW HITPOINT WARNING * * *
The ball python constricts you.
* * * LOW HITPOINT WARNING * * *
The kobold hits you with a +0 club.
* * * LOW HITPOINT WARNING * * *
The frilled lizard barely misses you.
You hit the kobold.
You kill the kobold!
Trog accepts your kill. The ball python bites you.
* * * LOW HITPOINT WARNING * * *
The ball python constricts you.
* * * LOW HITPOINT WARNING * * *
The ball python bites you.
You die...

..≈..............#
..≈...≈≈≈≈≈......
..≈...≈<..≈....#
..≈.....≈.≈..##
..≈.≈≈≈≈≈.≈..#
..≈.≈...).≈..#
..≈..>≈...≈..#).
..≈≈≈≈≈...≈....#
.....r)@..≈.......
....≈.lS..≈..###.#
....≈≈≈≈≈≈≈..# #
..........:....
#............$..
#.K..........#..
#.........##....
....##....# ###


You could see a ball python, a kobold, a frilled lizard and a rat.

Vanquished Creatures
  A kobold (D:1)
  A quokka (D:1)
2 creatures vanquished.

Notes
Turn   | Place    | Note
-------+----------+-------------------------------------------
     0 | D:1      | spaghetti the Merfolk Berserker began the quest for the
                  | Orb.
     0 | D:1      | Reached XP level 1. HP: 18/18 MP: 1/1
    13 | D:1      | Slain by a ball python

Illustrated notes

Levels and vault maps discovered:
D:1:      ebering_trefoil_twist, layout_rooms, ebering_ecumenical_altar_box,
          minmay_misc_feat_diagonals, st_stairs_8, serial_bayou_ford_a,
          grunt_decor_junction, corexii_leaking_fountain

Action                     || total
---------------------------++-------
  Melee: Falchion          ||     8
         Punch             ||     1
 Armour: Animal skin       ||    13
  Dodge: Dodged            ||    14
